 Dungeon Crawl Stone Soup version 0.30-a0-279-g4b46babb21 (webtiles) character file.

Game seed: 2222817055490856533

1637 mandarbmax the Slicer (level 8, -2/40 HPs)
             Began as a Vine Stalker Fighter on Oct 16, 2022.
             Slain by an ogre
             ... wielding a +0 giant spiked club
              (10 damage)
             ... on level 6 of the Dungeon.
             The game lasted 00:08:04 (4537 turns).

mandarbmax the Slicer (Vine Stalker Fighter)        Turns: 4537, Time: 00:08:05

Health: -2/40      AC: 16    Str: 19    XL:     8   Next: 98%
Magic:  0/9        EV:  5    Int:  8    God:
Gold:   279        SH: 10    Dex: 16    Spells: 7/7 levels left

rFire   . . .      SeeInvis .    C - +2 rapier (freeze)
rCold   . . .      Faith    .    c - +0 buckler
rNeg    . . .      Spirit   +    p - +0 plate armour
rPois   .          Reflect  +    (no helmet)
rElec   .          Harm     .    x - +2 cloak
rCorr   .          Rampage  .    H - +0 pair of gloves
Will    +....                    i - +0 pair of boots
Stlth   ..........               u - amulet of reflection
HPRegen 1.06/turn                (no ring)
MPRegen 0.11/turn                (no ring)

@: no status effects
A: fangs 3, regeneration 1, magic shield, antimagic bite, no potion heal 2
a: no special abilities


You were on level 6 of the Dungeon.
You visited 2 branches of the dungeon, and saw 7 of its levels.

You collected 279 gold pieces.

Inventory:

Hand Weapons
 C - a +2 rapier of freezing (weapon)
Missiles
 s - 18 poisoned darts
 w - a throwing net
Armour
 b - a +0 scale mail
 c - a +0 buckler (worn)
 i - a +0 pair of boots (worn)
 p - a +0 plate armour (worn)
 x - a +2 cloak (worn)
 y - an orb of wrath
 H - a +0 pair of gloves (worn)
Jewellery
 u - an amulet of reflection (around neck)
Wands
 A - a wand of paralysis (10) (quivered)
 J - a wand of mindburst (12)
Scrolls
 a - a scroll of noise
 e - 7 scrolls of identify
 h - 6 scrolls of teleportation {unknown}
 j - 2 scrolls of poison {unknown}
 k - 4 scrolls of amnesia {unknown}
 n - a scroll of summoning {unknown}
 o - a scroll of torment
 q - 2 scrolls of fog
 r - 3 scrolls of blinking {unknown}
 z - a scroll of enchant armour {unknown}
 E - a scroll of magic mapping {unknown}
 F - a scroll of enchant weapon {unknown}
 G - a scroll of vulnerability {unknown}
Potions
 d - 3 potions of might
 f - 6 potions of curing {unknown}
 g - a potion of attraction
 l - 3 potions of flight {unknown}
 m - 2 potions of ambrosia {unknown}
 t - a potion of mutation {unknown}
 v - a potion of heal wounds {unknown}
 B - a potion of cancellation {unknown}
 D - a potion of invisibility {unknown}
 I - a potion of resistance {unknown}


   Skills:
 - Level 3.0 Fighting
 + Level 10.0 Short Blades
 - Level 3.0 Armour
 - Level 3.0 Shields


You had 7 spell levels left.
You didn't know any spells.
Your spell library contained the following spells:

 Spells                   Type           Power      Damage    Failure   Level
 Apportation              Tloc           0%         N/A       100%        1
 Magic Dart               Conj           0%         1d3       100%        1
 Necrotise                Necr           0%         1d4       100%        1
 Summon Small Mammal      Summ           0%         N/A       100%        1
 Call Imp                 Summ           0%         N/A       100%        2
 Frozen Ramparts          Ice            0%         1d1       100%        3
 Mephitic Cloud           Conj/Pois/Air  0%         N/A       100%        3
 Ice Form                 Ice/Tmut       0%         N/A       100%        4
 Summon Ice Beast         Ice/Summ       0%         N/A       100%        4


Dungeon Overview and Level Annotations

Branches:
Dungeon (6/15)             Temple (1/1) D:5

Altars:
Ashenzari
Cheibriados
Elyvilon
Fedhas
Gozag
Nemelex Xobeh
Qazlal
Ru
Sif Muna
Trog
Wu Jian
Xom
The Shining One

Shops:
D:5 *   D:6 [


Innate Abilities, Weirdness & Mutations

You have razor-sharp teeth.
Your natural rate of healing is unusually fast.
When hurt, damage is shared between your health and your magic reserves.
Your bite disrupts and absorbs the magic of your enemies.
Potions cannot restore your health.


Message History

You are too injured to fight recklessly!
You are too injured to fight recklessly!
You are too injured to fight recklessly!
You are too injured to fight recklessly!
You are too injured to fight recklessly!
You are too injured to fight recklessly!
You are too injured to fight recklessly!
You are too injured to fight recklessly!
You are too injured to fight recklessly!
You are too injured to fight recklessly!
You are too injured to fight recklessly!
Unknown command.
You closely miss the iguana. You bite the iguana, but do no damage.
The iguana is heavily wounded.
The iguana is no longer moving slowly.
The iguana bites you but does no damage.
The ogre attacks as you move away!
The ogre hits you with a +0 giant spiked club!
* * * LOW HITPOINT WARNING * * *
The iguana attacks as you move away! You block the iguana's attack.
Okay, then.
As you read the scroll labelled WAM RIG KICATE, it crumbles to dust.
It is a scroll of identify.
g - a potion of attraction The ogre completely misses you.
As you read the scroll labelled VUUDWOMMOTEAN, it crumbles to dust.
The scroll dissolves into smoke.
It was a scroll of fog.
As you read the scroll labelled QUTOUS MOGEIWN, it crumbles to dust.
Your body is wracked with pain!
* * * LOW HITPOINT WARNING * * *
The ogre convulses!
The howler monkey convulses!
The iguana convulses!
It was a scroll of torment.
The howler monkey hoots and howls with incredible vigour!
You block the ogre's attack.
You hear a bark!
As you read the scroll labelled HIF HUZXIN, it crumbles to dust.
You hear a loud clanging noise!
It was a scroll of noise.
The ogre hits you with a +0 giant spiked club!
You die...

.............####.#..##
......................#
............!........#
.###.#..#.#..........#
.# #............##.##
.# ..###...........#
.#####.........lh§....#
.........#..####O######
#######. #..# #@# # #
#..# #§# ##########..#
#§# <...........# #.#
............####.#
###..............#
............#.##.#
...#######..#.##.# ...#
#..#.##.#


You could see an ogre, a howler monkey (catching breath) and an iguana.

Vanquished Creatures
  Sigmund (D:5)
  Eustachio (D:5)
  A water moccasin (D:6)
  An ice beast (D:5)
  2 ogres (D:5)
  A centaur (D:5)
  A phantom (D:4)
  A bullfrog (D:6)
  2 scorpions
  3 wights (D:6)
  A howler monkey (D:4)
  A jelly (D:4)
  3 hounds
  2 iguanas
  An orc wizard (D:3)
  6 gnolls
  6 adders
  2 shadow imps
  A white imp (D:6)
  A worm (D:5)
  2 dart slugs
  10 orcs
  8 endoplasms
  A giant cockroach (D:1)
  6 goblins
  7 hobgoblins
  6 jackals
  8 quokkas
  6 ball pythons
  4 bats
  5 frilled lizards
  6 kobolds
  8 rats
115 creatures vanquished.

Vanquished Creatures (others)
  4 plants (D:2)
4 creatures vanquished.

Grand Total: 119 creatures vanquished

Notes
Turn   | Place    | Note
-------+----------+-------------------------------------------
     0 | D:1      | mandarbmax the Vine Stalker Fighter began the quest for the
                  | Orb.
     0 | D:1      | Reached XP level 1. HP: 11/11 MP: 2/2
   100 | D:1      | Found a faded altar of an unknown god.
   220 | D:1      | Reached skill level 2 in Short Blades
   220 | D:1      | Reached XP level 2. HP: 16/16 MP: 3/3
   958 | D:2      | Reached XP level 3. HP: 20/20 MP: 4/4
  1121 | D:2      | Gained mutation: Your natural rate of healing is unusually
                  | fast. [Vine Stalker growth]
  1121 | D:2      | Reached XP level 4. HP: 20/24 MP: 5/5
  1125 | D:2      | Reached skill level 3 in Short Blades
  1637 | D:3      | Reached XP level 5. HP: 28/28 MP: 6/6
  1781 | D:3      | Reached skill level 4 in Short Blades
  1965 | D:3      | Found a sparkling altar of Nemelex Xobeh.
  2133 | D:3      | Found a snail-covered altar of Cheibriados.
  2431 | D:4      | Found a white marble altar of Elyvilon.
  2463 | D:4      | Reached skill level 5 in Short Blades
  2463 | D:4      | Reached XP level 6. HP: 32/32 MP: 7/7
  2836 | D:4      | Reached skill level 6 in Short Blades
  2836 | D:4      | Reached XP level 7. HP: 29/36 MP: 6/8
  2938 | D:4      | Found an ornate altar of the Wu Jian Council.
  3328 | D:5      | Entered Level 5 of the Dungeon
  3371 | D:5      | Reached skill level 7 in Short Blades
  3434 | D:5      | Found a bloodstained altar of Trog.
  3446 | D:5      | Found Aclan's Overcharged Wands.
  3506 | D:5      | Noticed Eustachio
  3533 | D:5      | Killed Eustachio
  3534 | D:5      | Gained mutation: You have razor-sharp teeth. [Vine Stalker
                  | growth]
  3534 | D:5      | Reached XP level 8. HP: 40/40 MP: 9/9
  3617 | D:5      | Found a shimmering blue altar of Sif Muna.
  3625 | D:5      | Reached skill level 8 in Short Blades
  3719 | D:5      | Noticed Sigmund
  3725 | D:5      | Killed Sigmund
  3760 | D:5      | Found a staircase to the Ecumenical Temple.
  3776 | Temple   | Entered the Ecumenical Temple
  3932 | D:5      | Found a blossoming altar of Fedhas.
  4051 | D:5      | Reached skill level 9 in Short Blades
  4284 | D:6      | Found Posoxire's Antique Armour Emporium.
  4417 | D:6      | Reached skill level 10 in Short Blades
  4530 | D:6      | HP: 1/40 [ogre/+0 giant spiked club (13)]
  4537 | D:6      | Slain by an ogre

Illustrated notes

Levels and vault maps discovered:
D:1:      enne_arrival_octagon_isle, layout_basic,
          shapermc_ecumenical_altar_mp_ritualfount
D:2:      layout_rooms, serial_bayou, serial_bayou_lagoon_a,
          serial_bayou_pond_a, serial_bayou_ford_a, serial_bayou_shore_b,
          hangedman_decor_growths
D:3:      layout_basic, amcnicky_altar_gilded,
          mainiacjoe_overflow_surrounded_room
D:4:      layout_gridville, pdpol_wu_jian_five_deadly_venoms, elyvilon_altar_3,
          gup_sewer_entry_bowl
D:5:      layout_rooms, overflow_temple_1_default,
          mainiacjoe_overflow_small_starburst, fedhas_altar_fruit_tree,
          temple_green, nicolae_shop_overcharged_wands, uniq_sigmund,
          uniq_eustachio
D:6:      layout_basic, makhleb_heckhound_becter, serial_shops, shop
Temple:   hellmonk_temple_micro_hex

Skill      XL: |  1  2  3  4  5  6  7  8 |
---------------+-------------------------+-----
Short Blades   | 2 3 5 6 7 10 | 10.0
Shields        | 3 |  3.0
Fighting       | 3 |  3.0
Armour         | 3 |  3.0

Action                   |  1- 3 |  4- 6 |  7- 9 || total
-------------------------+-------+-------+-------++-------
Melee: Rapier            |    89 |   186 |   120 ||   395
       Bite              |    22 |    50 |    37 ||   109
Throw: Dart              |       |     5 |     8 ||    13
       Throwing net      |       |       |     2 ||     2
Evoke: Wand              |       |       |     1 ||     1
  Use: Scroll            |       |       |     4 ||     4
 Stab: Held in net/web   |       |       |     1 ||     1
       Paralysed         |       |       |     1 ||     1
Armor: Scale mail        |    33 |       |       ||    33
       Plate armour      |    11 |    75 |    61 ||   147
Dodge: Dodged            |    34 |    43 |    15 ||    92
Block: Buckler           |    15 |    46 |    40 ||   101
       Reflection        |       |       |     1 ||     1

Table legend: (Time is in decaauts)
 A = Elapsed time spent in this place.
 B = Non-inter-level travel time spent in this place.
 C = Inter-level travel time spent in this place.
 D = Time resting spent in this place.
 E = Time spent auto-exploring this place.
 F = Levels seen in this place.
 G = Mean time per level.
                   A        B        C        D        E       F      G
               +--------+--------+--------+--------+--------+-----+--------+
         Total |   4560 |   4303 |    257 |     18 |   3352 |   7 |  651.4 |
       Dungeon |   4558 |   4301 |    257 |     18 |   3352 |   6 |  759.7 |
        Temple |      1 |      1 |      0 |      0 |      0 |   1 |    1.0 |
               +--------+--------+--------+--------+--------+-----+--------+

Top non-repeatable levels by time:
     D:4: 945 daAuts
     D:1: 903 daAuts
     D:3: 794 daAuts
     D:5: 730 daAuts
     D:2: 729 daAuts
     D:6: 455 daAuts
  Temple: 1 daAuts
